[Event "Titled Tuesday Blitz May 10 Early 2022"]
[White "Vlassov, Nikolai"]
[Black "Sahil, Tickoo"]
[WhiteFideId "4103360"]
[BlackFideId "5019710"]
[WhiteElo "2407"]
[BlackElo "2099"]
[Result "1-0"]
[Round "09"]
[TimeControl "180+1"]
[Date "2022.05.11"]
[WhiteClock "0:00:51"]
[BlackClock "0:00:04"]

1. e4 c5 2. c3 d5 3. exd5 Nf6 4. Bb5+ Nbd7 5. c4 a6 6. Bxd7+ Qxd7 7. Nf3 e6 8. Qe2 Be7 9. dxe6 Qxe6 10. Qxe6 Bxe6 11. b3 O-O 12. Bb2 Rfd8 13. d4 Bg4 14. d5 Bxf3 15. gxf3 Ne8 16. Nc3 Bf6 17. O-O-O Nd6 18. Ne4 Bxb2+ 19. Kxb2 b6 20. Nxd6 Rxd6 21. Rhe1 Kf8 22. Re3 Rh6 23. d6 Rd8 24. d7 Re6 25. Rxe6 fxe6 26. Rd6 Ke7 27. Rxb6 Kxd7 28. Rxa6 Rf8 29. Ra7+ Kd6 30. Rxg7 Rxf3 31. Rg2 h5 32. h4 Rf4 33. Rh2 Ke5 34. a4 Kd4 35. a5 e5 36. Rg2 Rxh4 37. Ka3 Rh1 38. Ka4 h4 39. a6 Ra1+ 40. Kb5 Ra3 41. Rg4+ e4 42. Rxh4 Rxb3+ 43. Kc6 Ra3 44. Kb7 Rb3+ 45. Ka8 Ra3 46. a7 Kxc4 47. Rxe4+ Kd3 48. Re3+ 1-0


[Site "https://www.chess.com"]

[Event "Titled Tuesday Blitz May 10 Early 2022"]
[White "Vovk, Orest"]
[Black "Przybylski, Wojciech"]
[WhiteFideId "14113490"]
[BlackFideId "1117599"]
[WhiteElo "2203"]
[BlackElo "2133"]
[Result "1-0"]
[Round "09"]
[TimeControl "180+1"]
[Date "2022.05.11"]
[WhiteClock "0:00:09"]
[BlackClock "0:00:07"]

1. h4 e5 2. h5 d5 3. h6 Nxh6 4. d4 e4 5. Bxh6 gxh6 6. e3 Be6 7. Ne2 Nd7 8. Nf4 Qg5 9. Rh5 Qg7 10. Nxd5 Bd6 11. g3 Bg4 12. Be2 Bxh5 13. Bxh5 Nf6 14. Nxf6+ Qxf6 15. c4 O-O-O 16. Qa4 Kb8 17. c5 Bxc5 18. Nc3 Qf5 19. g4 Qf3 20. Rc1 Bb6 21. Qb5 Rhe8 22. Qf5 Re7 23. b4 Qxf5 24. gxf5 c6 25. Ke2 Rg8 26. Rh1 f6 27. Rh4 Rg5 28. Nxe4 Rxf5 29. Nd6 Rg5 30. Bf3 Bc7 31. Ne4 Rg6 32. Nc5 f5 33. Kd3 Rf6 34. b5 cxb5 35. Nxb7 a6 36. Nc5 Ka7 37. Rh5 Bb6 38. Nb3 a5 39. Bd5 a4 40. Nd2 Rc7 41. Nf3 b4 42. Ne5 f4 43. e4 f3 44. Rh1 Rc3+ 45. Kd2 Bxd4 46. Nd3 b3 47. axb3 axb3 48. Ra1+ Ra6 49. Rb1 Ra2+ 50. Nb2 Rc2+ 51. Kd3 Bxb2 52. Rg1 Rc3+ 53. Kd4 Ra4+ 54. Ke5 Rc2+ 55. Kd6 Rc1 56. Rg8 Ra6+ 57. Kd7 Rac6 58. Bxc6 Be5 59. Ra8+ Kb6 60. Ra4 b2 61. Rb4+ Ka6 62. Rb3 Rd1+ 63. Ke6 Rd6+ 64. Kxe5 Rxc6 65. Rxb2 h5 66. Kf4 Rf6+ 67. Ke3 h4 68. Rb1 h3 69. Rh1 Rh6 70. Kxf3 Rh4 71. e5 Kb5 72. Kg3 Re4 73. f4 Re3+ 74. Kg4 h5+ 75. Kxh5 Kc5 76. Kg4 Kd5 77. Rxh3 Re1 78. Kf5 Rg1 79. Rd3+ Kc4 80. Rd8 Rg7 81. Kf6 Rg4 82. f5 Rd4 83. Rxd4+ Kxd4 84. e6 1-0


[Site "https://www.chess.com"]

[Event "Titled Tuesday Blitz May 10 Early 2022"]
[White "Vusatiuk, Vladimir"]
[Black "Soucek, Petr"]
[WhiteFideId "14118610"]
[BlackFideId "23715170"]
[WhiteElo "2157"]
[BlackElo "1979"]
[Result "1-0"]
[Round "09"]
[TimeControl "180+1"]
[Date "2022.05.11"]
[WhiteClock "0:00:12"]
[BlackClock "0:00:05"]

1. d4 Nf6 2. Bg5 d5 3. Bxf6 gxf6 4. e3 c6 5. c4 f5 6. Nc3 e6 7. Nf3 Bd6 8. g3 a6 9. c5 Be7 10. b4 Nd7 11. a4 Nf6 12. b5 Ne4 13. Qc1 Bd7 14. bxa6 bxa6 15. Nd2 Qc7 16. a5 h5 17. f3 Nxd2 18. Qxd2 h4 19. Rg1 hxg3 20. hxg3 e5 21. f4 exd4 22. exd4 Bf6 23. Kf2 Kf8 24. Kg2 Re8 25. Be2 Re4 26. Nxe4 fxe4 27. Rh1 Rxh1 28. Kxh1 Bf5 29. Bxa6 Qd7 30. Bf1 e3 31. Qxe3 Be4+ 32. Kg1 Qg4 33. Bg2 Bxd4 34. Qxd4 Qxg3 35. Qf2 Qg7 36. Re1 f5 37. a6 d4 38. a7 Qxa7 39. Bxe4 fxe4 40. Rxe4 Qxc5 41. Qxd4 Qc2 42. Qf6+ Kg8 43. Re8+ Kh7 44. Rh8# 1-0


[Site "https://www.chess.com"]

[Event "Titled Tuesday Blitz May 10 Early 2022"]
[White "Xiong, Jeffery"]
[Black "Daneshvar, Bardiya"]
[WhiteFideId "2047640"]
[BlackFideId "12576468"]
[WhiteElo "2727"]
[BlackElo "2330"]
[Result "1-0"]
[Round "09"]
[TimeControl "180+1"]
[Date "2022.05.10"]
[WhiteClock "0:01:27"]
[BlackClock "0:00:23"]

1. e4 e6 2. d4 d5 3. exd5 exd5 4. Nf3 Nc6 5. Nc3 Bg4 6. Bb5 a6 7. Bxc6+ bxc6 8. h3 Bh5 9. g4 Bg6 10. Ne5 Bd6 11. Nxc6 Qd7 12. Qe2+ Kf8 13. Ne5 Bxe5 14. dxe5 h5 15. Bf4 hxg4 16. O-O-O d4 17. Qc4 Rd8 18. Ne2 d3 19. Be3 Rxh3 20. Rxh3 dxe2 21. Qb4+ c5 22. Bxc5+ Ke8 23. Rxd7 gxh3 24. Rxd8+ Kxd8 25. Qb8+ Kd7 26. Qd6+ Ke8 27. Qc6+ Kd8 28. Bb6+ Ke7 29. Qd6+ 1-0


[Site "https://www.chess.com"]

[Event "Titled Tuesday Blitz May 10 Early 2022"]
[White "Xu, Yi"]
[Black "Cherniaiev, Tykhon"]
[WhiteFideId "8605564"]
[BlackFideId "14182360"]
[WhiteElo "2471"]
[BlackElo "2289"]
[Result "1/2-1/2"]
[Round "09"]
[TimeControl "180+1"]
[Date "2022.05.10"]
[WhiteClock "0:00:12"]
[BlackClock "0:00:35"]

1. e4 c5 2. Nf3 e6 3. d4 cxd4 4. Nxd4 a6 5. c4 Nf6 6. Nc3 Qc7 7. a3 Nc6 8. Be3 Be7 9. Rc1 O-O 10. Be2 Rd8 11. O-O b6 12. Nd5 exd5 13. cxd5 Bb7 14. Nf5 Bf8 15. f3 Qe5 16. dxc6 dxc6 17. Qb3 b5 18. Rfd1 c5 19. a4 Bc6 20. axb5 axb5 21. Qc2 Nxe4 22. Bd3 Qxf5 23. fxe4 Qe5 24. Bxc5 Rxd3 25. Rxd3 Bxe4 26. Re3 Bxc2 27. Rxe5 f6 28. Rd5 Bb3 29. Rd7 Rc8 30. Be3 Re8 31. Kf2 Bc4 32. Ra1 Be6 33. Rb7 Bc4 34. Raa7 h5 35. g3 Kh7 36. Ra1 Kg6 37. Rba7 Bd6 38. Ra8 Re7 39. Rd1 Be5 40. Bc1 Bc7 41. Be3 Bb6 42. Bxb6 Re2+ 43. Kg1 Rxb2 44. Bf2 b4 45. Rc8 Be6 46. Rb8 b3 47. Re1 Bf7 48. Rb7 Rc2 49. Rb5 Bc4 50. Rb4 Bd5 51. Bd4 Rg2+ 52. Kf1 Rxh2 53. Bf2 Rh1+ 54. Ke2 Rh2 55. Ke3 Bf7 56. Rb5 Rh3 57. Kf4 Kh7 58. Rg1 g5+ 59. Ke3 Kg6 60. Ke2 Bc4+ 61. Kf3 Bxb5 62. Kg2 Bd7 63. Rb1 Be6 64. Rxb3 Bxb3 65. Kxh3 Kf5 66. Kg2 Kg4 67. Bd4 f5 68. Bf6 Bd5+ 69. Kf2 h4 70. gxh4 Kxh4 71. Be7 Kg4 72. Bd8 f4 73. Be7 Kf5 74. Bd8 g4 75. Bh4 Bc6 76. Bd8 g3+ 77. Kg1 Kg4 78. Bb6 f3 79. Be3 Kf5 80. Kf1 Ke4 81. Bb6 Kd3 82. Bc7 g2+ 83. Kf2 Kd2 84. Bd6 Kd1 85. Be5 Bd5 86. Bg3 Kc2 87. Bh4 Kd3 88. Bg3 Ke4 89. Bh4 Kf5 90. Bg3 Kg4 91. Be5 Kh3 92. Bf4 Bc6 93. Be5 Kg4 94. Bd6 Kf5 95. Bc7 Ke4 96. Bg3 Kd3 97. Bh4 Bd7 98. Bg3 Bf5 99. Bh4 Bg6 100. Bg3 Ke4 101. Bh4 Kf4 102. Bg3+ Kg4 103. Bc7 Be4 104. Bd6 Kf5 105. Bc7 Ke6 106. Bg3 Kd5 107. Bh4 Kc4 108. Bg3 Kd3 109. Bh4 Bg6 110. Bg3 Bh5 111. Bh4 Ke4 112. Bg3 Kf5 113. Bc7 Ke6 114. Bg3 Kd7 115. Bh4 Kc6 116. Bg3 Kc5 117. Bh4 Kd6 118. Bg3+ Ke6 119. Bh4 Kd5 120. Bg3 Ke4 121. Bh4 Kf4 122. Bg3+ Kg4 123. Bc7 Bg6 124. Bd6 Bd3 125. Bc7 Kf5 126. Bd6 Bc4 127. Bg3 Ke4 128. Bh4 Kd3 129. Bg3 Be6 130. Bh4 Bd7 131. Bg3 Be6 132. Bh4 Bd7 1/2-1/2


[Site "https://www.chess.com"]

[Event "Titled Tuesday Blitz May 10 Early 2022"]
[White "Zemlyanskii, Ivan"]
[Black "Simonovic, Miroslav"]
[WhiteFideId "24249971"]
[BlackFideId "919152"]
[WhiteElo "1815"]
[BlackElo "2043"]
[Result "1-0"]
[Round "09"]
[TimeControl "180+1"]
[Date "2022.05.11"]
[WhiteClock "0:00:43"]
[BlackClock "0:00:04"]

1. d4 Nf6 2. c4 c5 3. d5 b5 4. Nf3 bxc4 5. Nc3 d6 6. e4 Nbd7 7. Bxc4 g6 8. h3 Bg7 9. O-O O-O 10. Re1 Ne8 11. Bf4 Nb6 12. Bf1 e5 13. dxe6 fxe6 14. Bg3 d5 15. exd5 exd5 16. Qd2 h6 17. Rad1 d4 18. Ne4 Qd5 19. Qc1 c4 20. Nxd4 Bxd4 21. Qd2 Bxf2+ 22. Bxf2 Qxd2 23. Rxd2 Ba6 24. Be3 Kg7 25. Nc5 Bb5 26. Ne6+ Kf7 27. Nxf8 Kxf8 28. Bxh6+ Kf7 29. Rf2+ Nf6 30. Bg5 Nd7 31. Rd1 Ke6 32. Re1+ Kf7 33. a4 Bxa4 34. Bxc4+ Kg7 35. Re7+ Kf8 36. Rf7+ Ke8 37. Re2+ Kd8 38. Bxf6+ Nxf6 39. Rxf6 Kc7 40. Re7+ Bd7 41. Rff7 Rd8 42. Be6 1-0


[Site "https://www.chess.com"]

[Event "Titled Tuesday Blitz May 10 Early 2022"]
[White "Aaditya Dhingra"]
[Black "Sahil, Tickoo"]
[WhiteFideId "25678191"]
[BlackFideId "5019710"]
[WhiteElo "1849"]
[BlackElo "2099"]
[Result "1-0"]
[Round "10"]
[TimeControl "180+1"]
[Date "2022.05.11"]
[WhiteClock "0:00:35"]
[BlackClock "0:00:02"]

1. Nf3 d5 2. c4 e6 3. g3 Nf6 4. Bg2 dxc4 5. Qa4+ Nbd7 6. Qxc4 a6 7. Qc2 c5 8. O-O Be7 9. Rd1 O-O 10. d4 Qb6 11. Nc3 cxd4 12. Nxd4 Ne5 13. Bf4 Nc6 14. Nxc6 bxc6 15. Be3 Qc7 16. Na4 Bb7 17. Bb6 Qe5 18. Nc5 Bxc5 19. Bxc5 Rfd8 20. e4 a5 21. f4 Qc7 22. Qf2 Rxd1+ 23. Rxd1 Rd8 24. Rc1 Nd7 25. Be7 Rc8 26. Rd1 c5 27. Bd6 Qb6 28. Be7 Nf8 29. Rc1 Nd7 30. e5 Bxg2 31. Kxg2 Qc6+ 32. Kg1 c4 33. Rd1 Nb6 34. Rd6 Qc7 35. Qxb6 Qxe7 36. Qxa5 h6 37. Qa6 Qc7 38. Qb6 1-0


[Site "https://www.chess.com"]

[Event "Titled Tuesday Blitz May 10 Early 2022"]
[White "Ajay Krishna, S"]
[Black "Tanenbaum, Zachary"]
[WhiteFideId "5096430"]
[BlackFideId "2060850"]
[WhiteElo "2247"]
[BlackElo "2168"]
[Result "0-1"]
[Round "10"]
[TimeControl "180+1"]
[Date "2022.05.11"]
[WhiteClock "0:00:55"]
[BlackClock "0:00:12"]

1. d4 d5 2. c4 Bf5 3. cxd5 Bxb1 4. Qa4+ c6 5. Rxb1 Qxd5 6. Nf3 Nd7 7. e3 e6 8. Bd3 Nc5 9. Qc2 Nxd3+ 10. Qxd3 Bb4+ 11. Bd2 Bxd2+ 12. Qxd2 Qxa2 13. O-O Nf6 14. Qb4 b6 15. Ne5 Qd5 16. Rfc1 c5 17. Qa4+ Kf8 18. dxc5 Qxe5 19. cxb6 g6 20. b7 Rb8 21. Qxa7 Kg7 22. Rc4 Rhd8 23. h3 Rd7 24. b4 Rdxb7 25. Qa4 Nd5 26. b5 Nb6 27. Re4 Nxa4 28. Rxe5 Nc3 29. Rb3 Nxb5 30. h4 Nd6 31. Rxb7 Rxb7 32. h5 Kf6 33. Rc5 Ne4 34. Rc4 Nd6 35. Rf4+ Ke7 36. hxg6 hxg6 37. g4 f5 38. gxf5 gxf5 39. Kg2 Kf6 40. Rh4 Ne4 41. f3 Rb2+ 42. Kg1 Ng5 43. Rf4 Nh3+ 44. Kh1 Nxf4 45. exf4 Kg6 46. Kg1 Kh5 47. Kh1 Kh4 48. Kg1 Kg3 49. Kh1 Rb1# 0-1


[Site "https://www.chess.com"]

[Event "Titled Tuesday Blitz May 10 Early 2022"]
[White "Ambartsumova, Karina"]
[Black "Janaszak, Dawid"]
[WhiteFideId "4166299"]
[BlackFideId "1119206"]
[WhiteElo "2262"]
[BlackElo "2199"]
[Result "1-0"]
[Round "10"]
[TimeControl "180+1"]
[Date "2022.05.11"]
[WhiteClock "0:00:35"]
[BlackClock "0:00:40"]

1. d4 Nf6 2. Nf3 g6 3. g3 Bg7 4. Bg2 O-O 5. O-O d6 6. b3 c5 7. Bb2 cxd4 8. Nxd4 d5 9. c4 dxc4 10. bxc4 Qb6 11. Qb3 Nfd7 12. e3 Nc5 13. Qa3 Nba6 14. Nc3 Qb4 15. Nd5 Qxc4 16. Rac1 Qd3 17. Nxe7+ Kh8 18. Rxc5 Nxc5 19. Qxc5 Bd7 20. Ba1 Rab8 21. Nb3 Bxa1 22. Rxa1 Be6 23. Qe5+ f6 24. Qxe6 a5 25. Rc1 a4 26. Nd4 Qd2 27. Rc7 Qd1+ 28. Bf1 b5 29. Nxg6+ hxg6 30. Qe7 1-0


[Site "https://www.chess.com"]

[Event "Titled Tuesday Blitz May 10 Early 2022"]
[White "Andreikin, Dmitry"]
[Black "Fier, Alexandr"]
[WhiteFideId "4158814"]
[BlackFideId "2107139"]
[WhiteElo "2736"]
[BlackElo "2571"]
[Result "0-1"]
[Round "10"]
[TimeControl "180+1"]
[Date "2022.05.10"]
[WhiteClock "0:00:20"]
[BlackClock "0:01:55"]

1. e4 Nf6 2. e5 Nd5 3. c4 Nb6 4. d4 d6 5. Nf3 g6 6. a4 Bg7 7. a5 N6d7 8. e6 fxe6 9. Nc3 Nf6 10. h4 O-O 11. Bd3 Qe8 12. Ng5 Nc6 13. h5 Nxd4 14. hxg6 hxg6 15. Be3 e5 16. Bxd4 exd4 17. Nd5 Bf5 18. Ra3 Nxd5 19. cxd5 e6 20. dxe6 Bxe6 21. Kf1 Bd5 22. Qg4 Rxf2+ 23. Kxf2 Qe3+ 24. Kf1 Rf8+ 25. Nf3 Bxf3 26. Rh8+ Kxh8 27. Qh3+ Kg8 0-1


[Site "https://www.chess.com"]

[Event "Titled Tuesday Blitz May 10 Early 2022"]
[White "Arabidze, Meri"]
[Black "Baches Garcia, Guillermo"]
[WhiteFideId "13604040"]
[BlackFideId "2209764"]
[WhiteElo "2335"]
[BlackElo "2531"]
[Result "1-0"]
[Round "10"]
[TimeControl "180+1"]
[Date "2022.05.11"]
[WhiteClock "0:00:35"]
[BlackClock "0:00:01"]

1. Nf3 Nf6 2. g3 d5 3. Bg2 e6 4. O-O Be7 5. c4 O-O 6. b3 b6 7. Bb2 Bb7 8. d3 c5 9. cxd5 Nxd5 10. Nbd2 Nc6 11. Nc4 Bf6 12. Qc1 Bxb2 13. Qxb2 Qe7 14. e4 Ndb4 15. Rfd1 Rfd8 16. a3 Na6 17. e5 Nd4 18. Nxd4 Rxd4 19. Bxb7 Qxb7 20. b4 Rad8 21. Qb3 Qd5 22. Qa4 Nb8 23. Qxa7 Rxd3 24. Rxd3 Qxd3 25. Qxb6 cxb4 26. Nd6 Rf8 27. axb4 Nd7 28. Qb5 Qxb5 29. Nxb5 Nxe5 30. Nd6 Rb8 31. b5 g6 32. f4 Nd7 33. Ra7 Nc5 34. Nxf7 Rxb5 35. Nh6+ Kh8 36. Nf7+ Kg8 37. Ng5 Rb7 38. Ra8+ Kg7 39. Rc8 Nd3 40. Nxe6+ Kf6 41. Ng5 h6 42. Ne4+ Kg7 43. Rd8 Nb4 44. Nd6 Re7 45. Kf2 Nc6 46. Re8 Rd7 47. Nc4 Nd4 48. Ne5 Ra7 49. Rd8 Nf5 50. Rd7+ Rxd7 51. Nxd7 g5 52. g4 Nd4 53. f5 h5 54. h3 hxg4 55. hxg4 1-0


[Site "https://www.chess.com"]

[Event "Titled Tuesday Blitz May 10 Early 2022"]
[White "Ardila, Oscar Humberto"]
[Black "Bas Mas, Jose Joaquin"]
[WhiteFideId "4404742"]
[BlackFideId "22219064"]
[WhiteElo "1928"]
[BlackElo "2233"]
[Result "0-1"]
[Round "10"]
[TimeControl "180+1"]
[Date "2022.05.11"]
[WhiteClock "0:00:06"]
[BlackClock "0:00:12"]

1. d4 f5 2. c4 Nf6 3. Nc3 e6 4. Nf3 Bb4 5. Bd2 Bxc3 6. Bxc3 O-O 7. g3 Ne4 8. Rc1 b6 9. Bg2 Bb7 10. O-O d6 11. d5 e5 12. Nd2 Nxc3 13. Rxc3 a5 14. b3 Nd7 15. a3 Qg5 16. b4 axb4 17. axb4 Ra2 18. Nf3 Qf6 19. Qb3 Rfa8 20. e3 h6 21. Rfc1 Qf7 22. Nh4 g5 23. Nf3 Kg7 24. Ne1 e4 25. Nc2 Ne5 26. Nd4 Bc8 27. c5 bxc5 28. bxc5 Nd3 29. Rf1 Nxc5 30. Rxc5 dxc5 31. Nc6 Qf6 32. Qc4 Bd7 33. Qxc5 Bxc6 34. dxc6 R2a5 35. Qb4 R5a6 36. g4 Rb6 37. Qd2 Rd8 38. Qa5 Rxc6 39. gxf5 Rc4 40. Rb1 Rf8 41. Qd5 Rc6 42. Bxe4 Rd6 43. Qc4 Rd7 44. Rc1 Re7 45. f3 Qe5 46. Qd4 Qxd4 47. exd4 g4 48. Rc6 gxf3 49. Rg6+ Kh8 50. Rxh6+ Rh7 51. Rxh7+ Kxh7 52. Kf2 Kg7 53. Kxf3 Kf6 54. Kf4 Rh8 55. Kg3 Kg5 56. Bd3 Rh4 57. d5 Rd4 58. Bc2 Rxd5 59. h4+ Kf6 60. Kg4 Rc5 61. Bd3 Rd5 62. Bc2 Rd4+ 63. Kh5 c5 64. Bb1 c4 65. Bc2 c3 66. Bb1 Rf4 67. Bc2 Rxf5+ 68. Kg4 Rd5 69. h5 Rd2 70. Be4 c2 71. h6 c1=Q 0-1


[Site "https://www.chess.com"]

[Event "Titled Tuesday Blitz May 10 Early 2022"]
[White "Atakhan, Abtin"]
[Black "Xu, Yi"]
[WhiteFideId "22502203"]
[BlackFideId "8605564"]
[WhiteElo "2094"]
[BlackElo "2471"]
[Result "0-1"]
[Round "10"]
[TimeControl "180+1"]
[Date "2022.05.10"]
[WhiteClock "0:00:54"]
[BlackClock "0:01:37"]

1. c4 e6 2. Nf3 g5 3. g3 Bg7 4. d4 g4 5. Ne5 h5 6. e3 c5 7. Bg2 d6 8. Nd3 cxd4 9. exd4 Bxd4 10. O-O Ne7 11. Nd2 Nbc6 12. Ne4 f5 13. Ng5 h4 14. Nf4 hxg3 15. hxg3 e5 16. Re1 Qb6 17. Be3 exf4 18. Bxd4 Nxd4 0-1


[Site "https://www.chess.com"]

[Event "Titled Tuesday Blitz May 10 Early 2022"]
[White "Azarov, Sergei"]
[Black "Samant Aditya S"]
[WhiteFideId "13501470"]
[BlackFideId "35080580"]
[WhiteElo "2494"]
[BlackElo "1916"]
[Result "1-0"]
[Round "10"]
[TimeControl "180+1"]
[Date "2022.05.10"]
[WhiteClock "0:00:22"]
[BlackClock "0:00:02"]

1. e4 c5 2. Nf3 d6 3. d4 cxd4 4. Nxd4 Nf6 5. Nc3 Nc6 6. Bc4 e6 7. Be3 a6 8. Qe2 Qc7 9. O-O-O Na5 10. Bd3 b5 11. Rhe1 Bb7 12. a3 Be7 13. g4 O-O 14. g5 Nd7 15. f4 Nc5 16. Kb1 Nxd3 17. cxd3 Nc6 18. f5 Nxd4 19. Bxd4 e5 20. Be3 d5 21. Nxd5 Bxd5 22. exd5 Rfd8 23. f6 Bf8 24. Qf3 Qd7 25. d4 Qxd5 26. Qxd5 Rxd5 27. dxe5 Rxe5 28. Bd2 Rf5 29. Rf1 Rxf1 30. Rxf1 Rd8 31. Bc3 Rd5 32. Re1 Rd8 33. Kc2 h6 34. gxh6 gxf6 35. Rf1 Bxh6 36. Rxf6 Bg7 37. Rxa6 Rc8 38. Ra5 Bxc3 39. bxc3 Rc5 40. a4 Rh5 41. axb5 Rxh2+ 42. Kb3 Kf8 43. b6 Rh6 44. Rb5 Rh1 45. b7 Rb1+ 46. Kc4 1-0


[Site "https://www.chess.com"]

[Event "Titled Tuesday Blitz May 10 Early 2022"]
[White "Bachmann, Axel"]
[Black "Oparin, Grigoriy"]
[WhiteFideId "3700488"]
[BlackFideId "24125890"]
[WhiteElo "2587"]
[BlackElo "2665"]
[Result "1-0"]
[Round "10"]
[TimeControl "180+1"]
[Date "2022.05.10"]
[WhiteClock "0:00:08"]
[BlackClock "0:00:08"]

1. e4 e5 2. Bc4 Nc6 3. d3 Nf6 4. Nc3 Na5 5. Nge2 Bc5 6. O-O O-O 7. a4 Nxc4 8. dxc4 d6 9. Qd3 a5 10. Be3 Nd7 11. Ng3 Bxe3 12. Qxe3 Nc5 13. Rad1 Be6 14. b3 g6 15. f4 exf4 16. Qxf4 Qe7 17. e5 dxe5 18. Qxe5 Rae8 19. Rde1 f6 20. Qe3 Nd7 21. Nd5 Qd8 22. Qd4 c6 23. Nf4 Bf7 24. Ne4 Kg7 25. Nd6 Rxe1 26. Rxe1 Ne5 27. c5 Bg8 28. h3 h5 29. Nd3 Nf7 30. Nf4 Ne5 31. Re3 Qd7 32. Rg3 Kh7 33. Qe4 Bd5 34. Nxd5 cxd5 35. Qxd5 Nc6 36. Re3 Ne5 37. Qxb7 Qxb7 38. Nxb7 Rc8 39. Rc3 Nc6 40. Nd6 Rd8 41. Re3 Rd7 42. Ne8 Rf7 43. Kh2 Kh6 44. Nd6 Rd7 45. Re6 Nd4 46. Rxf6 Nxc2 47. c6 Rc7 48. Nb5 Rc8 49. c7 Nb4 50. Rb6 Nd5 51. Rb8 Rxc7 52. Nxc7 Nxc7 53. Rb5 h4 54. Rxa5 Ne6 55. Rb5 Nd4 56. Rb4 Nc6 57. Rxh4+ Kg5 58. Rc4 Na5 59. Rc5+ 1-0


[Site "https://www.chess.com"]

[Event "Titled Tuesday Blitz May 10 Early 2022"]
[White "Bacrot, Etienne"]
[Black "Sarana, Alexey"]
[WhiteFideId "605506"]
[BlackFideId "24133795"]
[WhiteElo "2673"]
[BlackElo "2666"]
[Result "1-0"]
[Round "10"]
[TimeControl "180+1"]
[Date "2022.05.10"]
[WhiteClock "0:00:10"]
[BlackClock "0:00:12"]

1. e4 d6 2. Nf3 Nf6 3. Nc3 c5 4. h3 a6 5. a4 Nc6 6. Bc4 e6 7. O-O d5 8. exd5 exd5 9. Re1+ Be7 10. Ba2 O-O 11. d4 c4 12. b3 Bb4 13. Bd2 Qa5 14. Re3 cxb3 15. Bxb3 Be6 16. Ng5 Bf5 17. Nf3 Rfe8 18. g4 Rxe3 19. fxe3 Bxg4 20. Nxd5 Bxf3 21. Nxf6+ gxf6 22. Qxf3 Bxd2 23. Kh1 f5 24. Rg1+ Kf8 25. Qh5 Nd8 26. Qh6+ Ke7 27. Rg8 Kd7 28. Qf4 Rc8 29. Rg5 Qb6 30. Rxf5 Qd6 31. Rd5 Qxd5+ 32. Bxd5 Rc3 33. Bxf7 Bxe3 34. Qf5+ Ke7 35. Bb3 Nc6 36. Qe4+ Kd8 37. d5 Ne7 38. d6 Nc8 39. Qxh7 Nxd6 40. Qh8+ Kd7 41. Qxc3 Bh6 42. Qd3 Bg7 43. h4 Be5 44. h5 Ke7 45. h6 Kf6 46. h7 Kg7 47. Qe3 Bf6 48. Qh3 Kh8 49. Qg4 Kxh7 50. Qd7+ Kg6 51. Qxd6 b6 52. Qd5 b5 53. axb5 axb5 54. Qxb5 1-0


[Site "https://www.chess.com"]

[Event "Titled Tuesday Blitz May 10 Early 2022"]
[White "Bai, Adelard"]
[Black "Mica, Marek"]
[WhiteFideId "16301188"]
[BlackFideId "382884"]
[WhiteElo "2120"]
[BlackElo "2100"]
[Result "0-1"]
[Round "10"]
[TimeControl "180+1"]
[Date "2022.05.11"]
[WhiteClock "0:00:01"]
[BlackClock "0:00:19"]

1. Nf3 d5 2. g3 c6 3. Bg2 Bg4 4. O-O Nd7 5. h3 Bh5 6. d3 Ngf6 7. Nbd2 e5 8. e4 dxe4 9. dxe4 Be7 10. Qe2 O-O 11. c3 Qc7 12. Nc4 b5 13. Ne3 Rfe8 14. Nf5 Bf8 15. Rd1 Nc5 16. g4 Bg6 17. N3h4 Rad8 18. Bg5 Rxd1+ 19. Rxd1 Nfd7 20. Nxg6 hxg6 21. Ng3 Ne6 22. Bc1 Bc5 23. Nf1 Ndf8 24. Nh2 g5 25. Nf3 f6 26. a4 bxa4 27. Bf1 Qb6 28. Qc2 Ng6 29. Bc4 Kh7 30. Bxe6 Rxe6 31. Bxg5 Qb3 32. Qe2 fxg5 33. Nxg5+ Kg8 34. Rd8+ Bf8 35. Nxe6 Qxe6 36. Qa6 Nf4 37. Qc8 Qf6 38. Kh2 g6 39. Re8 Kg7 40. Qd7+ Kh6 41. g5+ Qxg5 42. Qg4 Qf6 43. Rc8 Bc5 0-1


[Site "https://www.chess.com"]

[Event "Titled Tuesday Blitz May 10 Early 2022"]
[White "Barria Zuniga, Daniel"]
[Black "Jian, Alex"]
[WhiteFideId "3400816"]
[BlackFideId "30901022"]
[WhiteElo "2414"]
[BlackElo "2111"]
[Result "1/2-1/2"]
[Round "10"]
[TimeControl "180+1"]
[Date "2022.05.11"]
[WhiteClock "0:00:08"]
[BlackClock "0:00:02"]

1. c4 e6 2. g3 d5 3. Bg2 Nf6 4. Nf3 dxc4 5. O-O Nbd7 6. Qa4 a6 7. Qxc4 b5 8. Qc2 Bb7 9. b3 c5 10. Bb2 Be7 11. d3 O-O 12. Nbd2 Rc8 13. Rac1 Qb6 14. Qb1 Rfd8 15. Qa1 Bf8 16. Rc2 Nd5 17. a3 N5f6 18. Rfc1 Bd5 19. Qb1 Bb7 20. Ba1 Bc6 21. b4 Bb7 22. e3 cxb4 23. axb4 Rxc2 24. Rxc2 Qd6 25. d4 Qxb4 26. Qxb4 Bxb4 27. Rc7 Rb8 28. Nb3 Bd6 29. Rc1 Bd5 30. Na5 Bb4 31. Nc6 Bxc6 32. Rxc6 a5 33. Ne5 Nxe5 34. dxe5 Nd5 35. Bd4 Bf8 36. Ra6 a4 37. e4 Nc7 38. Ra7 Ne8 39. Bf1 h6 40. Ra5 Nc7 41. Ra7 Ne8 42. Ra5 Nc7 43. Ra7 Ne8 1/2-1/2


[Site "https://www.chess.com"]

[Event "Titled Tuesday Blitz May 10 Early 2022"]
[White "Bifulco, Michel"]
[Black "Howell, David W L"]
[WhiteFideId "828580"]
[BlackFideId "410608"]
[WhiteElo "2165"]
[BlackElo "2559"]
[Result "0-1"]
[Round "10"]
[TimeControl "180+1"]
[Date "2022.05.11"]
[WhiteClock "0:00:06"]
[BlackClock "0:00:02"]

1. d4 d5 2. Nc3 e6 3. Bf4 Bd6 4. Bxd6 Qxd6 5. Nf3 Nf6 6. Qd3 c5 7. dxc5 Qxc5 8. e3 Nc6 9. Be2 O-O 10. O-O a6 11. Nd4 b5 12. Nxc6 Qxc6 13. Bf3 Bb7 14. Rfe1 Rfd8 15. Rad1 b4 16. Ne2 a5 17. Nd4 Qc5 18. Be2 Ne4 19. Nb3 Qc7 20. c4 bxc3 21. bxc3 Ba6 22. Qd4 e5 23. Qa4 Bxe2 24. Rxe2 Nxc3 25. Rc2 d4 26. exd4 Rdc8 27. Rdc1 Ne2+ 28. Rxe2 Qxc1+ 0-1


[Site "https://www.chess.com"]

[Event "Titled Tuesday Blitz May 10 Early 2022"]
[White "Bilych, Olexiy"]
[Black "Lashkin, Jegor"]
[WhiteFideId "14156504"]
[BlackFideId "13907808"]
[WhiteElo "2176"]
[BlackElo "2368"]
[Result "0-1"]
[Round "10"]
[TimeControl "180+1"]
[Date "2022.05.10"]
[WhiteClock "0:00:03"]
[BlackClock "0:00:42"]

1. e4 c5 2. Nf3 d6 3. d4 cxd4 4. Nxd4 Nf6 5. Nc3 a6 6. Bg5 e6 7. f4 Be7 8. Qf3 Qc7 9. O-O-O Nbd7 10. g4 b5 11. Bxf6 Bxf6 12. g5 Be7 13. f5 Bxg5+ 14. Kb1 Ne5 15. Qg3 Bf6 16. Bh3 b4 17. Nce2 O-O 18. fxe6 fxe6 19. Nf4 Qe7 20. Bxe6+ Bxe6 21. Nfxe6 Rf7 22. Qb3 Re8 23. Qxb4 Nc6 24. Nxc6 Qxe6 25. Rxd6 Qxe4 26. Qxe4 Rxe4 27. c3 Rb7 28. Rhd1 Re2 29. Nb4 a5 30. Nd3 Bxc3 31. Rd8+ Kf7 32. Rf1+ Bf6 33. b3 a4 34. Ra8 axb3 35. a4 Rd7 36. Rd1 Rxd3 0-1


[Site "https://www.chess.com"]

[Event "Titled Tuesday Blitz May 10 Early 2022"]
[White "Boidiya, Sidi"]
[Black "Skytte, Rasmus"]
[WhiteFideId "19600100"]
[BlackFideId "1404210"]
[WhiteElo "2113"]
[BlackElo "2430"]
[Result "0-1"]
[Round "10"]
[TimeControl "180+1"]
[Date "2022.05.11"]
[WhiteClock "0:01:33"]
[BlackClock "0:00:23"]

1. e4 c6 2. d4 d5 3. Nd2 dxe4 4. Nxe4 Nf6 5. Ng5 c5 6. N1f3 Nc6 7. Bb5 Qa5+ 8. Bd2 Qxb5 9. a4 Qa6 10. dxc5 h6 11. Nh3 Bxh3 12. gxh3 e5 13. Be3 Rd8 14. Qc1 Qc4 15. Nd2 Qd5 16. Rg1 Bxc5 17. Nb3 Bxe3 18. Qxe3 Nb4 19. Qc3 Qe4+ 20. Kf1 O-O 21. Nc5 Qh4 22. Rg3 Nbd5 23. Qxe5 Rfe8 24. Qf5 Qc4+ 25. Nd3 Qe4 26. Qxe4 Nxe4 27. Kg2 Nxg3 28. hxg3 a5 29. Kf3 Nb4 30. Nc5 Rd2 31. c3 Nd3 32. Nxb7 Rxf2+ 33. Kg4 Re4+ 34. Kh5 Rf5# 0-1


[Site "https://www.chess.com"]